 Dungeon Crawl Stone Soup version 0.18-a0-1577-gf591c28 (webtiles) character file.

7 ololoev the Firebug (level 1, -2/10 HPs)
             Began as a Deep Elf Fire Elementalist on Mar 22, 2016.
             Slain by a goblin
             ... wielding a +1 dagger of venom
              (3 damage)
             ... on level 1 of the Dungeon.
             The game lasted 00:01:47 (94 turns).

ololoev the Firebug (Deep Elf Fire Elementalist)      Turns: 94, Time: 00:01:47

Health: -2/10      AC:  2    Str:  5    XL:     1   Next: 91%
Magic:  0/6        EV: 13    Int: 19    God:
Gold:   2          SH:  0    Dex: 15    Spells: 1 memorised, 5 levels left

rFire  . . .     SeeInvis .     (no weapon)
rCold  . . .     Gourm    .     a - +0 robe
rNeg   . . .     Faith    .     (no shield)
rPois  .         Spirit   .     (no helmet)
rElec  .         Dismiss  .     (no cloak)
rCorr  .         Reflect  .     (no gloves)
SustAt .         Harm     .     (no boots)
MR     .....                    (no amulet)
Stlth  ++........               (no ring)
                                (no ring)

@: lethally poisoned (-2 -> -10), very slightly contaminated, not resistant to
hostile enchantments, unstealthy
A: no striking features
a: no special abilities

Inventory:

Armour
 a - a +0 robe (worn)
Books
 b - a book of Flames

   Spells                             Type                      Level
   a - Flame Tongue                   Conjuration/Fire             1
   b - Throw Flame                    Conjuration/Fire             2
   c - Conjure Flame                  Conjuration/Fire             3
   d - Inner Flame                    Hexes/Fire                   3
   e - Sticky Flame                   Conjuration/Fire             4
   f - Fireball                       Conjuration/Fire             5
Comestibles
 c - 2 bread rations


   Skills:
 - Level 2.4 Dodging
 - Level 2.4 Stealth
 + Level 3.2 Spellcasting
 * Level 1.8 Conjurations
 + Level 3.4 Fire Magic


You had 5 spell levels left.
You knew the following spells:

 Your Spells              Type           Power        Failure   Level  Hunger
a - Flame Tongue          Conj/Fire      ##...        8%          1    None


You were on level 1 of the Dungeon.
You were not hungry.

You visited 1 branch of the dungeon, and saw 2 of its levels.

You collected 2 gold pieces.

#.#.....###.######
#...............#
#................
#.....###.......#
#.....# #......$#
#.....# #.......#
###.....###########
.........g#########
#.########@'≈P≈≈≈#<#
........#.≈≈≈≈#.#
####....#≈.≈≈≈#.#
#....#.≈.....#
......#.≈P≈≈.≈#
##...###≈≈.≈≈≈≈#
#... #≈≈PPPP≈# #...
#########

Notes
Turn   | Place    | Note
--------------------------------------------------------------
     0 | D:1      | ololoev the Deep Elf Fire Elementalist began the quest for the Orb.
     0 | D:1      | Reached XP level 1. HP: 10/10 MP: 6/6
    22 | D:2      | Noticed Terence
    94 | D:1      | Slain by a goblin

Dungeon Overview and Level Annotations

Branches:
Dungeon (2/15)

Altars:

Annotations:
D:2 Terence


Message History

Casting: Flame Tongue
Confirm with . or Enter, or press ? or * to list all spells.
Aiming: Flame Tongue
Press: ? - help, Shift-Dir - straight line, f/p - hobgoblin
Aim: a hobgoblin (almost dead)
The flame tongue misses the hobgoblin.
The hobgoblin hits you.
Ouch! That really hurt!
Casting: Flame Tongue
Confirm with . or Enter, or press ? or * to list all spells.
Aiming: Flame Tongue
Press: ? - help, Shift-Dir - straight line, f/p - hobgoblin
Aim: a hobgoblin (almost dead)
You miscast Flame Tongue.
You are very lightly contaminated with residual magic.
Nothing appears to happen.
The hobgoblin hits you but does no damage.
You hit the hobgoblin but do no damage.
The hobgoblin is almost dead.
The hobgoblin barely misses you.
You hit the hobgoblin.
You kill the hobgoblin!
A goblin comes into view. It is wielding a dagger of venom.
The goblin shouts!
You see here 2 gold pieces.
You now have 2 gold pieces.
Evoke which item? (* to show all) (? for menu, Esc to quit)
Zapping:
d - a wand of random effects {zapped: 5} (will waste charges)
Press: ? - help, Shift-Dir - straight line, f - goblin
Aim: a goblin, wielding a dagger of venom Nothing appears to happen.
Evoke which item? (* to show all) (? for menu, Esc to quit)
This wand has no charges.
Unknown command.
Casting: Flame Tongue
Confirm with . or Enter, or press ? or * to list all spells.
Aiming: Flame Tongue
Press: ? - help, Shift-Dir - straight line, f/p - goblin
Aim: a goblin, wielding a dagger of venom The flame tongue misses the goblin.
Drop what? 4/52 slots (_ for help) (? for menu, Esc to quit)
You drop a wand of random effects {empty}.
Casting: Flame Tongue
Confirm with . or Enter, or press ? or * to list all spells.
Aiming: Flame Tongue
Press: ? - help, Shift-Dir - straight line, f/p - goblin
Aim: a goblin, wielding a dagger of venom The flame tongue hits the goblin.
The goblin is heavily wounded.
Your magical contamination has completely faded away.
Found 6 gold pieces.
Casting: Flame Tongue
Confirm with . or Enter, or press ? or * to list all spells.
Aiming: Flame Tongue
Press: ? - help, Shift-Dir - straight line, f/p - goblin
Aim: a goblin, wielding a dagger of venom (heavily wounded)
The flame tongue hits the goblin.
The goblin is almost dead.
The goblin hits you but does no damage.
You are lethally poisoned!
You feel sick.
You aren't carrying any potions.
Are you sure you want to abandon this character and quit the game? (Confirm with "yes".)
Okay, then.
Unknown command.
Unknown command.
You feel sick.
You feel sick. The goblin barely misses you.
You feel sick.
You feel sick.
Casting: Flame Tongue
Confirm with . or Enter, or press ? or * to list all spells.
Aiming: Flame Tongue
Press: ? - help, Shift-Dir - straight line, f/p - goblin
Aim: a goblin, wielding a dagger of venom (almost dead)
You miscast Flame Tongue.
You are very lightly contaminated with residual magic.
You have a brief vision of globes of primordial fire.
The goblin hits you with a dagger of venom.
You die...

You could see a goblin.

Vanquished Creatures
  An ooze (D:2)
  A hobgoblin (D:1)
  A bat (D:1)
  A kobold (D:2)
4 creatures vanquished.

Action                   || total
-------------------------++-------
Melee: Unarmed           ||     2
 Cast: Flame Tongue      ||    11
Evoke: Wand              ||     2

Vault maps used:
D:1:      lightli_arrival_flooded_house, minmay_misc_feat_pillars,
          minmay_misc_feat_columns
D:2:      first_bread, grunt_pakellas_basics, uniq_sigmund, uniq_terence
